 Dungeon Crawl Stone Soup version 0.21.1-1-g345015fe64 (webtiles) character file.

1468 Peloso the Slasher (level 8, -14/78 HPs)
             Began as a Troll Fighter on June 19, 2018.
             Was a Follower of Okawaru.
             Demolished by an ogre
             ... wielding a +0 giant spiked club
              (22 damage)
             ... on level 6 of the Dungeon.
             The game lasted 00:13:25 (5259 turns).

Peloso the Slasher (Troll Fighter)                  Turns: 5259, Time: 00:13:26

Health: -14/78     AC:  8    Str: 25    XL:     8   Next: 48%
Magic:  7/7        EV: 10    Int:  4    God:    Okawaru [*.....]
Gold:   337        SH: 10    Dex: 11    Spells: 7/7 levels left

rFire    . . .     SeeInvis .   a - +0 long sword
rCold    . . .     Gourm    +   c - +0 shield
rNeg     . . .     Faith    .   b - +0 robe
rPois    +         Spirit   .   (helmet restricted)
rElec    .         Reflect  .   (no cloak)
rCorr    .         Harm     +   (gloves unavailable)
MR       .....                  (boots unavailable)
Stlth    ++........             e - amulet of harm
HPRegen  0.63/turn              q - ring of poison resistance
MPRegen  0.10/turn              g - +3 ring of protection

@: no status effects
A: large, unfitting armour, claws 3, fast metabolism 3, gourmand, regeneration
1, shaggy fur 1, tough skin 2
a: Heroism, Renounce Religion


You were on level 6 of the Dungeon.
You worshipped Okawaru.
Okawaru was aware of your devotion.
You were full.

You visited 2 branches of the dungeon, and saw 7 of its levels.

You collected 337 gold pieces.

Inventory:

Hand Weapons
 a - a +0 long sword (weapon)
Armour
 b - a +0 robe (worn)
 c - a +0 shield (worn)
Jewellery
 e - an amulet of harm (around neck)
 g - a +3 ring of protection (right claw)
 q - a ring of poison resistance (left claw)
Wands
 o - a wand of paralysis (4)
 u - a wand of iceblast (5)
Scrolls
 h - 2 scrolls of amnesia
 j - 3 scrolls of identify
 k - 4 scrolls of teleportation
 l - a scroll of fog
 m - 3 scrolls of magic mapping {unknown}
 n - 3 scrolls of enchant armour {unknown}
 r - 2 scrolls of immolation {unknown}
 s - a scroll of remove curse {unknown}
 v - a scroll of holy word {unknown}
Potions
 d - a potion of lignification
 i - 2 potions of haste
 p - a potion of flight
 t - a potion of agility
Comestibles
 f - 12 rations


   Skills:
 + Level 4.0 Fighting
 + Level 5.7 Long Blades
 + Level 4.3 Dodging
 + Level 1.2 Stealth
 + Level 5.0 Shields


You had 7 spell levels left.
You didn't know any spells.

Dungeon Overview and Level Annotations

Branches:
Dungeon (6/15)             Temple (1/1) D:4

Altars:
Cheibriados
Dithmenos
Elyvilon
Fedhas
Gozag
Hepliaklqana
Kikubaaqudgha
Makhleb
Nemelex Xobeh
Okawaru
Ru
Sif Muna
Trog
Uskayaw
Vehumet
Xom
Zin
The Shining One


Innate Abilities, Weirdness & Mutations

You are too large for most types of armour.
You have claws for hands.
Your metabolism is lightning-fast.
You like to eat raw meat.
Your natural rate of healing is unusually fast.
You are covered in fur. (AC +1)
You have very tough skin. (AC +2)


Message History

Your shield prevents you from hitting the ogre.
The ogre is heavily wounded.
You block the ogre's attack.
You hit the ogre.
The ogre is severely wounded.
You block the ogre's attack.
You completely miss the ogre.
The ogre is severely wounded.
The ogre completely misses you.
You closely miss the ogre.
The ogre is severely wounded.
The ogre hits you with a giant spiked club!!
You hit the ogre but do no damage.
The ogre is severely wounded.
The ogre hits you with a giant spiked club!!
* * * LOW HITPOINT WARNING * * *
You barely miss the ogre.
The ogre is severely wounded.
The ogre hits you with a giant spiked club!!
You die...

.........# .
.........# .
.........# .
........)# .
.........# #
.........# #
.........# #
......O@.# #
.........# #
.........# #
.........#
########..........#
................†.#
##..............).#
##................#
.#................#


You could see an ogre.

Vanquished Creatures
  2 black bears (D:6)
  An ogre (D:3)
  A phantom (D:4)
  The ghost of Brecoman the Ruffian, an amateur DrTm (D:3)
  3 centaurs (D:5)
  A bullfrog (D:6)
  Blork the orc (D:5)
  A scorpion (D:6)
  An electric eel (D:6)
  A crimson imp (D:5)
  A jelly (D:5)
  A centaur skeleton (D:6)
  An orc priest (D:4)
  2 orc wizards (D:4)
  2 bullfrog skeletons
  2 iguanas (D:6)
  Jessica (D:2)
  Ijyb (D:3)
  Terence (D:2)
  14 adders
  An ooze (D:2)
  A worm (D:4)
  4 leopard geckos
  14 orcs
  6 bats
  7 giant cockroaches
  7 goblins
  8 hobgoblins
  2 jackals (D:5)
  8 kobolds
  2 quokkas
  4 frilled lizards
  A leopard gecko zombie (D:5)
  4 rats
  2 bushes (D:1)
  A plant (D:1)
111 creatures vanquished.

Notes
Turn   | Place    | Note
-------+----------+-------------------------------------------
     0 | D:1      | Peloso the Troll Fighter began the quest for the Orb.
     0 | D:1      | Reached XP level 1. HP: 22/22 MP: 0/0
   204 | D:1      | Reached XP level 2. HP: 29/29 MP: 1/1
   906 | D:1      | Paralysed by fainting for 8 turns
   957 | D:2      | Found an opulent altar of Gozag.
  1039 | D:2      | Noticed Jessica
  1042 | D:2      | Reached XP level 3. HP: 36/36 MP: 2/2
  1043 | D:2      | Killed Jessica
  1074 | D:2      | Noticed Terence
  1085 | D:2      | Killed Terence
  1085 | D:2      | Reached XP level 4. HP: 37/44 MP: 3/3
  1352 | D:2      | Found an ancient bone altar of Kikubaaqudgha.
  1354 | D:2      | Found a blossoming altar of Fedhas.
  1717 | D:3      | Found a hazy altar of Hepliaklqana.
  1776 | D:3      | Reached XP level 5. HP: 46/52 MP: 4/4
  1823 | D:3      | Found a shimmering altar of Xom.
  1824 | D:3      | Found a shimmering altar of Xom.
  1835 | D:3      | Noticed Brecoman's ghost (amateur DrTm)
  1836 | D:3      | Noticed an ogre
  1852 | D:3      | Killed Brecoman's ghost
  1855 | D:3      | Killed an ogre
  1855 | D:3      | Reached XP level 6. HP: 41/61 MP: 5/5
  1917 | D:3      | Noticed Ijyb
  1931 | D:3      | Paralysed by Ijyb for 3 turns
  1936 | D:3      | Killed Ijyb
  2267 | D:3      | Found a shimmering altar of Xom.
  2267 | D:3      | Found a shimmering altar of Xom.
  2268 | D:3      | Found a shimmering altar of Xom.
  2307 | D:3      | Found a shimmering altar of Xom.
  2665 | D:4      | Found a staircase to the Ecumenical Temple.
  2799 | Temple   | Entered the Ecumenical Temple
  2806 | Temple   | Became a worshipper of Warmaster Okawaru
  2878 | D:4      | Reached XP level 7. HP: 36/67 MP: 6/6
  3529 | D:5      | Entered Level 5 of the Dungeon
  3621 | D:5      | Noticed Blork the orc
  3640 | D:5      | Killed Blork the orc
  3827 | D:5      | Found a sparkling altar of Nemelex Xobeh.
  4362 | D:5      | Reached * piety under Okawaru
  4362 | D:5      | Reached skill level 5 in Long Blades
  4385 | D:5      | Found a deep blue altar of Sif Muna.
  4389 | D:5      | Found a sacrificial altar of Ru.
  4585 | D:5      | Reached XP level 8. HP: 71/78 MP: 7/7
  4800 | D:6      | Reached skill level 1 in Stealth
  4890 | D:6      | Found a bloodstained altar of Trog.
  5242 | D:6      | Reached skill level 5 in Shields
  5259 | D:6      | Demolished by an ogre

Skill      XL: |  1  2  3  4  5  6  7  8 |
---------------+-------------------------+-----
Long Blades    | 2 3 4 5 |  5.7
Shields        | 3 4 5 |  5.0
Dodging        | 3 4 |  4.3
Fighting       | 3 4 |  4.0
Stealth        | 1 |  1.2

Action                   |  1- 3 |  4- 6 |  7- 9 || total
-------------------------+-------+-------+-------++-------
Melee: Long sword        |   248 |   220 |   195 ||   663
  Use: Potion            |       |     5 |       ||     5
       Scroll            |       |       |     5 ||     5
 Stab: Sleeping          |     2 |       |     2 ||     4
  Eat: Chunk             |     9 |    21 |    19 ||    49
       Ration            |     1 |       |       ||     1
Armor: Robe              |    17 |    77 |    43 ||   137
       Skin              |       |    11 |    14 ||    25
Dodge: Dodged            |    18 |   100 |    68 ||   186
Block: Shield            |    31 |   144 |   105 ||   280
       Rpst.: Long sword |     6 |    28 |    15 ||    49
